Map: Ephemeron LE

Players

NoRegreT - Winner!

  • Race: Zerg Zerg
  • League: Master
  • Spawn Location: 5:00

MEDOED

  • Race: Zerg Zerg
  • Spawn Location: 11:00

Event: NationWars 2019

VOD

Have the link to the VOD?

Description

Time

  • Played on: Nov. 15, 2019, 2:05 p.m.
  • Length: 5:00
Show
View Real Time Build Order
Export as new Build Order

NoRegreT Zerg - Winner!

Build Orders: Hatch First 

Get SALT Encoding   

  12  0:01  Drone  
  13  0:13  Drone  
  14  0:27  Extractor  
  14  0:28  Drone x2, Extractor  
  16  0:43  Hatchery  
  15  0:50  Extractor  
  14  0:59  Spawning Pool  
  14  1:04  Drone  
  14  1:09  Drone, Extractor  
  15  1:15  Overlord  
  15  1:35  Drone x2  
  17  1:46  Queen  
  19  1:58  Metabolic Boost  
  21  2:02  Zergling x2  
  21  2:05  Zergling x2  
  23  2:09  Zergling x2  
  24  2:17  Zergling x2  
  24  2:18  Zergling x2  
  24  2:21  Overlord  
  26  2:25  Zergling x2  
  25  2:30  Zergling x2  
  25  2:33  Zergling x2, Baneling Nest  
  26  2:38  Zergling x2  
  26  2:42  Zergling x2  
  28  2:48  Zergling x2  
  28  2:50  Zergling x2  
  30  2:57  Zergling x6  
  33  3:00  Zergling x2  
  33  3:04  Zergling x2  
  35  3:10  Zergling x2  
  36  3:18  Zergling x2  
  35  3:20  Zergling x2  
  35  3:27  Overlord  
  35  3:30  Zergling x2  
  35  3:33  Zergling x4  
  35  3:35  Baneling x2  
  35  3:40  Zergling x2  
  35  3:43  Zergling x2  
  35  3:46  Baneling x2  
  34  3:50  Zergling x2  
  34  3:54  Zergling x2  
  35  3:58  Zergling x2  
  36  4:03  Zergling x2  
  36  4:06  Zergling x2  
  37  4:10  Zergling x2  
  37  4:16  Zergling x2  
  38  4:22  Zergling x4  
  35  4:25  Zergling x2  
  35  4:28  Baneling  
  35  4:29  Zergling x2  
  34  4:36  Zergling x4  
Show
View Real Time Build Order
Export as new Build Order

MEDOED Zerg 

Build Orders: Hatch First 

Get SALT Encoding   

  12  0:01  Drone  
  13  0:12  Overlord  
  13  0:17  Drone  
  14  0:30  Drone  
  14  0:31  Drone  
  16  0:36  Drone  
  17  0:52  Hatchery  
  17  0:56  Drone  
  17  1:11  Spawning Pool  
  17  1:13  Drone  
  17  1:17  Drone  
  18  1:20  Drone  
  18  1:24  Extractor  
  18  1:28  Drone  
  19  1:40  Overlord  
  19  2:02  Queen  
  19  2:03  Queen  
  19  2:05  Drone x3  
  26  2:10  Drone  
  27  2:17  Drone  
  27  2:21  Drone  
  29  2:26  Drone  
  30  2:32  Drone  
  31  2:38  Drone, Queen  
  31  2:39  Queen  
  36  2:50  Overlord  
  36  2:51  Evolution Chamber  
  35  2:57  Drone, Evolution Chamber  
  35  2:58  Drone  
  36  3:13  Zergling x2  
  36  3:14  Zergling x2  
  36  3:17  Roach Warren  
  36  3:20  Drone x3  
  36  3:21  Drone x2  
  41  3:27  Evolution Chamber  
  41  3:29  Evolution Chamber  
  41  3:31  Zergling x2  
  40  3:37  Zergling x4  
  41  3:41  Zergling x4  
  41  3:44  Zergling x2  
  41  3:48  Evolution Chamber  
  38  3:54  Zergling x4  
  15  4:37  Drone x7  
Tags
 
Add a new tag
Caveats
  • Supply blocks, unpowered buildings, or Contaminate may cause inaccurate times.
  • Supply counts are checked every 10 seconds.